 Dungeon Crawl Stone Soup version 0.23-a0-94-g44dc95ea49 (webtiles) character file.

30 Kaname the Magician (level 3, 24/24 HPs)
             Began as a Demonspawn Wizard on Aug 2, 2018.
             Quit the game on level 1 of the Dungeon on Aug 16, 2018.
             The game lasted 00:03:41 (1012 turns).

Kaname the Magician (Demonspawn Wizard)             Turns: 1012, Time: 00:03:42

Health: 24/24      AC:  2    Str:  7    XL:     3   Next: 3%
Magic:  3/7        EV: 12    Int: 20    God:
Gold:   18         SH:  0    Dex: 11    Spells: 5/8 levels left

rFire    . . .     SeeInvis .   g - +0 dagger
rCold    . . .     Gourm    .   (no shield)
rNeg     . . .     Faith    .   a - +0 robe
rPois    .         Spirit   +   b - +0 hat
rElec    .         Reflect  .   (no cloak)
rCorr    .         Harm     .   (no gloves)
MR       .....                  (no boots)
Stlth    ++........             (no amulet)
HPRegen  0.08/turn              (no ring)
MPRegen  0.10/turn              (no ring)

@: no status effects
A: talons 1, magic shield
a: no special abilities


You were on level 1 of the Dungeon.
You were not hungry.

You visited 1 branch of the dungeon, and saw 1 of its levels.

You collected 18 gold pieces.

Inventory:

Hand Weapons
 g - a +0 dagger (weapon)
Armour
 a - a +0 robe (worn)
 b - a +0 hat (worn)
Scrolls
 c - a scroll of fog {unknown}
 f - a scroll of immolation {unknown}
 h - a scroll of remove curse {unknown}
Potions
 e - a potion of ambrosia {unknown}
Comestibles
 d - 3 rations


   Skills:
 - Level 1.7 Dodging
 - Level 1.7 Stealth
 - Level 3.0 Spellcasting
 - Level 3.0 Conjurations
   Level 1.0 Summonings
 + Level 1.0 Translocations


You had 5 spell levels left.
You knew the following spells:

 Your Spells              Type           Power        Failure   Level  Hunger
a - Magic Dart            Conj           ###.         4%          1    None
b - Blink                 Tloc           N/A          14%         2    ##.....

Your spell library contained the following spells:

 Spells                   Type           Power        Failure   Level  Hunger
 Conjure Flame            Conj/Fire      #.......     22%         3    ###....
 Slow                     Hex            #.......     22%         2    ##.....
 Mephitic Cloud           Conj/Pois/Air  #.......     28%         3    ###....
 Call Imp                 Summ           #.......     14%         2    ##.....


Dungeon Overview and Level Annotations

Branches:
Dungeon (1/15)

Altars:


Innate Abilities, Weirdness & Mutations

You have sharp toenails.
When hurt, damage is shared between your health and your magic reserves.


Message History

Press: ? - help, Shift-Dir - straight line, f - dart slug
Aim: a dart slug (clinging, resting)
The magic dart hits the dart slug.
The dart slug is heavily wounded.
Casting: Magic Dart (safe; 4% risk of failure)
Confirm with . or Enter, or press ? or * to list all spells.
Aiming: Magic Dart (safe; 4% risk of failure)
Press: ? - help, Shift-Dir - straight line, f/p - dart slug
Aim: a dart slug (heavily wounded, clinging)
The magic dart hits the dart slug.
You kill the dart slug!
Your Translocations skill increases to level 1!
You have reached level 3!
Your experience leads to an increase in your attributes!
Increase (S)trength, (I)ntelligence, or (D)exterity?
You feel clever.
You feel monstrous as your demonic heritage exerts itself.
Your demonic ancestry asserts itself...
Your toenails lengthen and sharpen.
Are you sure you want to abandon this character and quit the game? (Confirm with "yes".)

# #.. #. ### #... .. ).# #..#
.# # #.## #..###.. .. #..#
....#.###... ##.# #.#.#.....
...# #.#.#..###.# ...#
#...@......# ...##
#.####..#### ....# #######'##
....
....##.........##############
.....#..........#....)......#
...#.#..........#.#########.#
...#.########+#...#.....#...#
...#..##PPP##.....#.###.#.###
...##.##≈≈≈##.###.#.###.#.#


There were no monsters in sight!

Vanquished Creatures
  2 dart slugs (D:1)
  A leopard gecko (D:1)
  4 goblins (D:1)
  5 hobgoblins (D:1)
  3 bats (D:1)
  A frilled lizard (D:1)
  4 kobolds (D:1)
  4 rats (D:1)
24 creatures vanquished.

Notes
Turn   | Place    | Note
-------+----------+-------------------------------------------
     0 | D:1      | Kaname the Demonspawn Wizard began the quest for the Orb.
     0 | D:1      | Reached XP level 1. HP: 13/13 MP: 4/4
   446 | D:1      | Gained mutation: When hurt, damage is shared between your health and your magic reserves. [demonic ancestry]
   446 | D:1      | Reached XP level 2. HP: 19/19 MP: 0/6
   688 | D:1      | Upgraded the game from 0.23-a0-13-gb09bef45d9 to 0.23-a0-26-g9187234747
   688 | D:1      | Upgraded the game from 0.23-a0-26-g9187234747 to 0.23-a0-94-g44dc95ea49
  1009 | D:1      | Learned a level 2 spell: Blink
  1011 | D:1      | Reached skill level 1 in Translocations
  1011 | D:1      | Gained mutation: You have sharp toenails. [demonic ancestry]
  1011 | D:1      | Reached XP level 3. HP: 24/24 MP: 2/7
  1012 | D:1      | Quit the game

Vault maps used:
D:1:      tarquinn_simple_flora_water_e

Skill      XL: |  1  2 |
---------------+-------+-----
Conjurations   | 2 3 |  3.0
Translocations | 1 |  1.0
Dodging        | |  1.7
Stealth        | |  1.7
Spellcasting   | |  3.0
Summonings     | |  1.0

Action                   || total
-------------------------++-------
Melee: Unarmed           ||    12
       Dagger            ||    21
 Cast: Magic Dart        ||    46
Armor: Robe              ||     5
Dodge: Dodged            ||    19

Table legend:
 A = Non-vault XP
 B = Vault XP
 C = Vault XP percentage of total XP
 D = Non-vault monster count
 E = Vault monster count
 F = Vault count percentage of total count
 G = Total turns spent on level
                 A         B        C        D         E       F
            +---------+---------+-------+---------+---------+-------
      Total |      43 |       0 |   0.0 |      24 |       0 |   0.0
            +---------+---------+-------+---------+---------+-------
        D:1 |      43 |       0 |   0.0 |      24 |       0 |   0.0
            +---------+---------+-------+---------+---------+-------
